[Event "*** Titled Tuesday Blitz"]
[Site "Chess.com"]
[Date "2020.12.29"]
[Round "7"]
[White "Chessdreamer2020"]
[Black "RobertoJBM"]
[Result "1-0"]
[WhiteElo "2504"]
[BlackElo "2687"]
[TimeControl "180+1"]
[EndTime "11:16:55 PST"]
[Termination "Chessdreamer2020 won on time"]

1. e4 c6 2. Ne2 d5 3. e5 c5 4. d4 Nc6 5. c3 Bf5 6. Ng3 Bxb1 7. Rxb1 e6 8. a3 cxd4 9. cxd4 Qb6 10. Be3 Nge7 11.
Bd3 g6 12. h4 Nf5 13. Bxf5 gxf5 14. Nh5 O-O-O 15. O-O Be7 16. g3 Kb8 17. Kh2 Rhg8 18. Qd2 Na5 19. b3 Rc8 20. Rfc1 Rxc1 21. Qxc1 Rc8 22.
Qb2 Qb5 23. Nf6 Bxf6 24. exf6 Qd3 25. Rc1 Nc6 26. Rc3 Qe4 27. b4 a6 28. a4 e5 29.
Rc5 Nxd4 30. Bxd4 exd4 31. Qc1 Rxc5 32. Qxc5 d3 33. Qf8+ Kc7 34. Qxf7+ Kd6 35. Qf8+ Kd7 36. Qf7+ Kd6 37. Qxb7 Qf3 38. Qe7+ Kc6 39. Qc5+ 1-0

[Event "*** Titled Tuesday Blitz"]
[Site "Chess.com"]
[Date "2020.12.29"]
[Round "7"]
[White "kirillshevchenko"]
[Black "lavr92"]
[Result "1-0"]
[WhiteElo "2866"]
[BlackElo "2618"]
[TimeControl "180+1"]
[EndTime "11:16:56 PST"]
[Termination "kirillshevchenko won by resignation"]

1. e4 e5 2. d3 Nc6 3. Nc3 Bc5 4. g3 Nge7 5. Bg2 a6 6. Nge2 d6 7. O-O Be6 8. h3 d5 9. exd5 Nxd5 10. Kh2 h5 11. Ne4 Be7 12. f4 exf4 13. Nxf4 Nxf4 14.
Bxf4 h4 15. g4 Qd7 16. Qf3 O-O-O 17. Ng5 Bxg5 18. Bxg5 f6 19. Bd2 Rhf8 20. Rae1 f5 21. g5 g6 22. Bc3 Bd5 23. Qxd5 Qxd5 24. Bxd5 Rxd5 25. Rf4 Rdd8 26. Rxh4 Rde8 27. Kg2 Rxe1 28. Bxe1 Re8 29. Kf2 b5 30. Bc3 b4 31. Bxb4 Nxb4 32. Rxb4 Rh8 33. h4 Kd7 34. Ra4 Rb8 35. b3 Rb6 36.
Rd4+ Ke7 37. Rc4 Kd7 38. Kf3 Re6 39. Rd4+ Ke7 40. Ra4 Rc6 41. Rc4 Rxc4 42. bxc4 c5 43. c3 Ke6 44. d4 Kd6 45. Kf4 a5 46. h5 1-0

[Event "*** Titled Tuesday Blitz"]
[Site "Chess.com"]
[Date "2020.12.29"]
[Round "7"]
[White "Logman74"]
[Black "Leonid_Starozhilov"]
[Result "0-1"]
[WhiteElo "2387"]
[BlackElo "2638"]
[TimeControl "180+1"]
[EndTime "11:16:56 PST"]
[Termination "Leonid_Starozhilov won on time"]

1. e4 g6 2. d4 Bg7 3. Nc3 d6 4.
f4 Nf6 5. Nf3 O-O 6. Bd3 Na6 7.
O-O c5 8. d5 Bg4 9. Kh1 Rb8 10. h3 Bxf3 11. Qxf3 Nb4 12. a3 Nxd3 13. cxd3 b5 14. Bd2 Nd7 15. b4 a5 16. Rab1 cxb4 17. axb4 a4 18. Rbc1 Qb6 19. Be3 Qb7 20. d4 Nb6 21. Nxb5 Nxd5 22. Nxd6 Qxb4 23. Nc4 Nxe3 24. Qxe3 Rfc8 25. Qd3 Qb3 26. Rc3 Qb5 27. e5 Rd8 28. Rfc1 e6 29. Qc2 Bf8 30. Rd1 Bb4 31. Rg3 Rbc8 32. Rc1 Rxd4 33. Nd6 Rxc2 0-1

[Event "*** Titled Tuesday Blitz"]
[Site "Chess.com"]
[Date "2020.12.29"]
[Round "7"]
[White "anpospan"]
[Black "MIJuanReyesRosa"]
[Result "1-0"]
[WhiteElo "2323"]
[BlackElo "2070"]
[TimeControl "180+1"]
[EndTime "11:16:56 PST"]
[Termination "anpospan won on time"]

1. d4 g6 2. Nf3 Bg7 3. e4 c6 4. Be3 d5 5. Nc3 Bg4 6. Be2 dxe4 7. Nxe4 Nd7 8. O-O Ngf6 9. Neg5 O-O 10. Ne5 Bxe2 11.
Qxe2 Nxe5 12. dxe5 Nd5 13. e6 f5 14. c3 Qd6 15.
Bd2 Nf4 16. Bxf4 Qxf4 17. Nf7 Rac8 18. Rad1 Rc7 19. Rd2 Bf6 20. Rfd1 Kg7 21. g3 Qa4 22. a3 Qa5 23. Qe3 Rxf7 24. exf7 Kxf7 25. Rd8 e5 26.
R8d7+ Rxd7 27. Rxd7+ Ke6 28. Rxb7 Qa6 29. Qxa7 Qe2 30.
Qe3 Qd1+ 31. Kg2 Qd5+ 32. f3 e4 33. Rxh7 1-0

[Event "*** Titled Tuesday Blitz"]
[Site "Chess.com"]
[Date "2020.12.29"]
[Round "7"]
[White "Piacramling"]
[Black "ErikRonka"]
[Result "0-1"]
[WhiteElo "2235"]
[BlackElo "2378"]
[TimeControl "180+1"]
[EndTime "11:16:59 PST"]
[Termination "ErikRonka won on time"]

1. c4 c6 2. d4 d5 3. Nf3 Nf6 4. Qb3 e6 5. Bg5 dxc4 6. Qxc4 b5 7. Qc2 Qb6 8. e3 Nbd7 9. Nc3 Bb7 10. Be2 a6 11. a4 b4 12. a5 Qa7 13. Na4 c5 14. O-O Rc8 15. Rfc1 Ne4 16. Bf4 Be7 17. Bd3 Ndf6 18.
Nb6 O-O 19. Nxc8 Rxc8 20. Ne5 g5 21. Bg3 h5 22. f3 Nxg3 23. hxg3 cxd4 24. Qxc8+ Bxc8 25.
Rxc8+ Kg7 26. Rac1 dxe3 27. Nc6 Qd7 28. Nxe7 Qxd3 29.
R8c2 h4 30. g4 b3 31. Rc3 Qd2 32. Rf1 e2 33. Nc6 exf1=Q+ 0-1

[Event "*** Titled Tuesday Blitz"]
[Site "Chess.com"]
[Date "2020.12.29"]
[Round "7"]
[White "GMBenjaminBok"]
[Black "ElGasanov"]
[Result "0-1"]
[WhiteElo "2869"]
[BlackElo "2779"]
[TimeControl "180+1"]
[EndTime "11:17:01 PST"]
[Termination "ElGasanov won by resignation"]

1. d4 e6 2. c4 Bb4+ 3. Nd2 Nf6 4. Nf3 O-O 5. a3 Be7 6. e4 d6 7. Be2 Nfd7 8. b4 a5 9. Bb2 e5 10. O-O exd4 11. Nxd4 Nc6 12. Nxc6 bxc6 13. Nb3 axb4 14.
axb4 Rb8 15. Na5 Bb7 16. Qc2 Ba8 17. b5 cxb5 18. cxb5 Nc5 19. f3 Bf6 20. e5 Be7 21. Rad1 Re8 22. Rfe1 Qc8 23. Bc4 Bf8 24. Nc6 Bxc6 25.
bxc6 Rb6 26. Bd5 Na6 27. Ba1 Nb4 28. Qc4 Nxd5 29. Qxd5 Qf5 30. Kf1 Rbb8 31. Qe4 Qh5 32.
Kg1 dxe5 33. Bxe5 Bd6 34. Qf4 Rxe5 0-1

[Event "*** Titled Tuesday Blitz"]
[Site "Chess.com"]
[Date "2020.12.29"]
[Round "7"]
[White "1random"]
[Black "Neftegor"]
[Result "1-0"]
[WhiteElo "2438"]
[BlackElo "2553"]
[TimeControl "180+1"]
[EndTime "11:17:01 PST"]
[Termination "1random won by checkmate"]

1. e4 e6 2. d4 d5 3. Nd2 Be7 4.
e5 c5 5. c3 cxd4 6. cxd4 Qb6 7.
Ndf3 Nc6 8. Bd3 Bb4+ 9. Bd2 Nxd4 10. Nxd4 Qxd4 11. Bb5+ Kd8 12. Nf3 Qxb2 13. O-O Bxd2 14. Rb1 Qc3 15. Nxd2 Qxe5 16. Nc4 Qc7 17. Qg4 f6 18.
Rfd1 Nh6 19. Qd4 Ke7 20. Ne3 Kf7 21. Rbc1 Qe5 22. Qxe5 fxe5 23. Rc7+ Kf6 24. Rdc1 Nf5 25. Ng4+ Kg5 26. Nxe5 Kf4 27. Re1 Rf8 28. g3+ Kg5 29. h4+ Kf6 30. Ng4+ Kg6 31. Ne5+ Kh6 32. Kg2 Nd4 33. Bd3 g6 34. Ng4+ Kh5 35. Ne5 Kh6 36. g4 Nc6 37. g5+ Kh5 38. Rxh7# 1-0

[Event "*** Titled Tuesday Blitz"]
[Site "Chess.com"]
[Date "2020.12.29"]
[Round "7"]
[White "arna"]
[Black "Blue_Ratatoeskr"]
[Result "0-1"]
[WhiteElo "2138"]
[BlackElo "2346"]
[TimeControl "180+1"]
[EndTime "11:17:01 PST"]
[Termination "Blue_Ratatoeskr won by resignation"]

1. e4 e5 2. Nf3 Nf6 3. Nc3 Bb4 4. Nxe5 O-O 5. Nd3 Bxc3 6. dxc3 Nxe4 7. Be2 d6 8. O-O Re8 9. Nf4 Nd7 10. Bc4 Ne5 11. Bb3 Nc5 12. h3 Nxb3 13. axb3 b6 14. Qd5 Bd7 15. Be3 Bc6 16. Qd2 Qg5 17. f3 Nxf3+ 18.
Rxf3 Bxf3 19. Kh2 Bb7 20. Rf1 Re4 21. Qf2 Qe5 22. Bd4 Qxf4+ 23. Qxf4 Rxf4 24. Rxf4 f6 25. Rf2 c5 26. Be3 Re8 27. Bf4 Re6 28. Rd2 d5 29.
Kg3 Kf7 30. Kf2 g5 31. Be3 h5 32.
g3 Re4 33. c4 d4 34. Bxd4 Rxd4 35. Rxd4 cxd4 36. b4 Be4 37. c3 dxc3 38. bxc3 Ke6 39.
Ke3 Ke5 40. h4 gxh4 41. gxh4 f5 42. c5 f4+ 43. Kd2 bxc5 44. b5 Kd5 0-1

[Event "*** Titled Tuesday Blitz"]
[Site "Chess.com"]
[Date "2020.12.29"]
[Round "7"]
[White "TristanCalistri"]
[Black "KononenkoD"]
[Result "0-1"]
[WhiteElo "2284"]
[BlackElo "2461"]
[TimeControl "180+1"]
[EndTime "11:17:02 PST"]
[Termination "KononenkoD won by resignation"]

1. e4 c6 2. Nf3 d5 3. Nc3 Bg4 4. d4 dxe4 5. Nxe4 Nd7 6. h3 Bxf3 7. Qxf3 Ngf6 8. c3 e5 9. Nxf6+ Qxf6 10. Qxf6 gxf6 11. Be3 h5 12. O-O-O Bh6 13. Kc2 h4 14. Be2 Ke7 15. Bg4 Bxe3 16. fxe3 Nb6 17. Rhf1 Rad8 18. Rde1 Rd6 19. Rf5 Nd7 20. Ref1 c5 21. R5f3 Rd8 22. Bxd7 R8xd7 23. dxe5 Rd2+ 24. Kb3 Rxg2 25. exf6+ Ke6 26. R1f2 Rd2 27. Rxd2 Rxd2 28. Rf4 Rd3 29. Rxh4 Rxe3 30. Kc4 b6 31. a4 Kxf6 32. Kb5 Re7 33. Rg4 Ke5 34. h4 f5 35. Rg1 Rf7 36. h5 f4 37.
h6 Rh7 38. Rh1 f3 39. Kc4 Ke4 40. Rh4+ Ke3 41. Kd5 f2 42. Rh1 Rxh6 43. Rxh6 f1=Q 0-1

[Event "*** Titled Tuesday Blitz"]
[Site "Chess.com"]
[Date "2020.12.29"]
[Round "7"]
[White "Rozum_Ivan"]
[Black "bazar-wokzal"]
[Result "0-1"]
[WhiteElo "2722"]
[BlackElo "2571"]
[TimeControl "180+1"]
[EndTime "11:17:03 PST"]
[Termination "bazar-wokzal won on time"]

1. e4 Nc6 2. g3 d5 3. Bg2 dxe4 4. Nc3 f5 5. f3 e5 6. fxe4 Nf6 7. d3 Bc5 8. Bg5 O-O 9. Qd2 h6 10. Bxf6 Qxf6 11. exf5 Bxf5 12. O-O-O Bg4 13. Re1 Bb4 14. h3 Be6 15. a3 Ba5 16. Nf3 Rad8 17. Rhf1 Qg6 18.
g4 Bd5 19. b4 Nxb4 20. axb4 Bxb4 21. Nh4 Qa6 22. Bxd5+ Rxd5 23. Rxf8+ Kxf8 24. Kd1 Qa1+ 25. Ke2 Qxc3 26. Rf1+ Ke8 27. Qxc3 Bxc3 28. Nf5 e4 29. dxe4 Rd2+ 30. Ke3 a5 31. e5 Rh2 32. Nxg7+ Ke7 33. Nf5+ Ke6 34. h4 Bxe5 35. h5 a4 0-1

[Event "*** Titled Tuesday Blitz"]
[Site "Chess.com"]
[Date "2020.12.29"]
[Round "7"]
[White "GelmanAlexander"]
[Black "ambaixador"]
[Result "1-0"]
[WhiteElo "2561"]
[BlackElo "2417"]
[TimeControl "180+1"]
[EndTime "11:17:03 PST"]
[Termination "GelmanAlexander won on time"]

1. d4 Nf6 2. Nc3 d5 3. Bf4 g6 4.
e3 Bg7 5. h4 h5 6. Nf3 O-O 7.
Ne5 Nbd7 8. Qd2 c5 9. O-O-O c4 10.
e4 e6 11. exd5 exd5 12. f3 a6 13. g4 b5 14. gxh5 b4 15. hxg6 bxc3 16. gxf7+ Rxf7 17. Qxc3 Nxe5 18. dxe5 Nh5 19. Bg5 Qc7 20. Rg1 Be6 21. f4 Nxf4 22. Bf6 Kh8 23. Rxg7 Rxg7 24. Qe3 Ng6 25. Qh6+ Kg8 26. Be2 Bf5 27. Rf1 Rh7 28. Qg5 Be4 29. h5 Qa5 30. hxg6 Rh2 31. Qg4 1-0

[Event "*** Titled Tuesday Blitz"]
[Site "Chess.com"]
[Date "2020.12.29"]
[Round "7"]
[White "ZiggyStardust64"]
[Black "NiranjanNavalgund"]
[Result "1/2-1/2"]
[WhiteElo "2682"]
[BlackElo "2490"]
[TimeControl "180+1"]
[EndTime "11:17:04 PST"]
[Termination "Game drawn - insufficient material"]

1. e4 e5 2. Nf3 Nc6 3. Bb5 a6 4.
Ba4 Nf6 5. O-O Be7 6. Re1 b5 7. Bb3 d6 8. c3 O-O 9. h3 Nb8 10. d4 Nbd7 11. Nbd2 Bb7 12. Bc2 Re8 13.
Nf1 Bf8 14. Ng3 g6 15. a4 Bg7 16. Bg5 h6 17. Bd2 Nb6 18. a5 Nbd7 19. Nh2 d5 20.
Ng4 Nxg4 21. Qxg4 exd4 22. exd5 dxc3 23. bxc3 Nf6 24. Rxe8+ Qxe8 25. Qh4 Bxd5 26. Bxh6 Bxh6 27. Qxh6 Qc6 28. Bxg6 fxg6 29. Qxg6+ Kh8 30. Nf5 Rg8 31. Qh6+ Nh7 32. Qxc6 Bxc6 33. g4 Ng5 34. Ne7 Nxh3+ 35. Kh2 Nxf2 36. Nxc6 Nxg4+ 37. Kh3 Nf2+ 38. Kh4 Rg4+ 39.
Kh5 Rc4 40. Nb4 Rc5+ 41. Kg6 Rxc3 42. Nxa6 Rc6+ 43. Kf7 Rxa6 44. Rf1 c5 45. Rxf2 Ra7+ 46. Kg6 Kg8 47. Rf5 Ra6+ 48. Kg5 Rc6 49. a6 Rxa6 50. Rxc5 Rb6 51. Kf4 b4 52. Rc2 Kf7 53. Ke4 Ke6 54.
Kd4 Kd6 55. Rb2 b3 56. Kc3 Kc5 57. Rxb3 Rxb3+ 58. Kxb3 1/2-1/2

[Event "*** Titled Tuesday Blitz"]
[Site "Chess.com"]
[Date "2020.12.29"]
[Round "7"]
[White "PSvidler"]
[Black "dropstoneDP"]
[Result "1-0"]
[WhiteElo "2842"]
[BlackElo "2938"]
[TimeControl "180+1"]
[EndTime "11:17:05 PST"]
[Termination "PSvidler won on time"]

1. e4 c5 2. Nf3 e6 3. d4 cxd4 4. Nxd4 Be7 5. c4 Nf6 6. Nc3 O-O 7. e5 Ne8 8. Bd3 d6 9. exd6 Nxd6 10. O-O e5 11. Nf3 Nc6 12. Re1 Bg4 13. h3 Bh5 14. c5 Ne8 15. g4 Bg6 16. Bxg6 fxg6 17. Qb3+ Kh8 18. Qxb7 Rc8 19. Rd1 Nd4 20. Nxd4 exd4 21. Ne4 Bxc5 22. Bg5 Nf6 23. Rac1 Qb6 24. Nxc5 Rxc5 25.
Qe7 Rcc8 26. Rxc8 Rxc8 27. Bxf6 Qxf6 28. Qxf6 gxf6 29. Rxd4 Rc2 30. Ra4 Rxb2 31. Rxa7 h5 32. gxh5 gxh5 33. Kg2 Kg8 34. a4 Rb4 35. a5 Ra4 36. a6 Kf8 37. Kf3 Ke8 38. Ke3 Kd8 39.
f4 Kc8 40. Rh7 Rxa6 41. Ke4 1-0

[Event "*** Titled Tuesday Blitz"]
[Site "Chess.com"]
[Date "2020.12.29"]
[Round "7"]
[White "vugarrasulov"]
[Black "hansen"]
[Result "1-0"]
[WhiteElo "2801"]
[BlackElo "2890"]
[TimeControl "180+1"]
[EndTime "11:17:05 PST"]
[Termination "vugarrasulov won on time"]

1. d4 Nf6 2. c4 g6 3. Nc3 d5 4. Nf3 Bg7 5. Bg5 Ne4 6. cxd5 Nxg5 7. Nxg5 e6 8. Nf3 exd5 9. e3 O-O 10. b4 Nc6 11. a3 Bg4 12. Be2 Ne7 13. O-O c6 14.
Nd2 Bxe2 15. Qxe2 Nf5 16. Nb3 Re8 17. Qd3 a6 18. a4 Nd6 19. b5 axb5 20. axb5 Qb6 21.
Nc5 Rxa1 22. Rxa1 Nxb5 23. Rb1 Ra8 24. Nxb5 cxb5 25. h3 Ra5 26. Qc3 Qc7 27. Qb3 b6 28. Nd3 Qc4 29. Qd1 Ra3 30. Nf4 b4 31. Qf3 Ra5 32. Qd1 Ra3 33. Qf3 Qc2 34. Rxb4 Qc1+ 35.
Kh2 Ra1 36. Rxb6 Bf8 37. Nxd5 Qg1+ 38. Kg3 Qc1 39. Nf6+ Kg7 40. Ne8+ Kg8 41. Rb7 1-0

[Event "*** Titled Tuesday Blitz"]
[Site "Chess.com"]
[Date "2020.12.29"]
[Round "7"]
[White "1977Ivan"]
[Black "Alexandr_Kholin"]
[Result "0-1"]
[WhiteElo "2693"]
[BlackElo "2560"]
[TimeControl "180+1"]
[EndTime "11:17:05 PST"]
[Termination "Alexandr_Kholin won on time"]

1. d4 d5 2. Nc3 Nf6 3. Bf4 a6 4.
e3 c5 5. dxc5 Nc6 6. a3 e5 7.
Bg5 Be6 8. b4 Be7 9. Nf3 O-O 10.
Be2 Qc7 11. O-O Rad8 12. Na4 h6 13. Bxf6 Bxf6 14. Nb6 Rfe8 15. Rb1 g6 16. Re1 e4 17. Nd4 Nxd4 18. exd4 Qf4 19. g3 Qg5 20. c3 h5 21.
h4 Qf5 22. Bf1 Kg7 23. Rb2 Rh8 24. f4 exf3 25. Rf2 g5 26. Rxf3 Qg4 27. hxg5 Bxg5 28. Rxe6 fxe6 29. Bg2 Rdf8 30. Nd7 Rxf3 31. Qxf3 Qxf3 32.
Bxf3 Bd2 33. Kf2 Bxc3 34. Ke3 Bb2 35. a4 h4 36. gxh4 Rxh4 37. b5 Bxd4+ 38. Kd3 axb5 39.
axb5 Kf7 0-1

[Event "*** Titled Tuesday Blitz"]
[Site "Chess.com"]
[Date "2020.12.29"]
[Round "7"]
[White "Isajevsky_Anton"]
[Black "Ze-Pequeno"]
[Result "1-0"]
[WhiteElo "2582"]
[BlackElo "2346"]
[TimeControl "180+1"]
[EndTime "11:17:06 PST"]
[Termination "Isajevsky_Anton won by checkmate"]

1. c4 Nf6 2. Nc3 c5 3. Nf3 e6 4.
g3 b6 5. Bg2 Bb7 6. O-O Be7 7.
d3 O-O 8. e4 d6 9. Ng5 h6 10.
Nh3 Nc6 11. f4 Qd7 12. g4 Nh7 13. Bd2 Rad8 14. Kh1 Nd4 15. f5 a6 16. Rc1 b5 17.
Qe1 b4 18. Ne2 Nxe2 19. Qxe2 d5 20. cxd5 exd5 21. e5 d4 22. b3 Bxg2+ 23. Qxg2 Qd5 24.
Nf4 Qxe5 25. Rce1 Qd6 26. Nh5 Bg5 27. f6 g6 28. h4 Bxd2 29. Qxd2 Qd5+ 30. Re4 g5 31.
Rf5 Qc6 32. hxg5 hxg5 33. Rxg5+ Kh8 34. Rg7 Rg8 35. Qh6 Qxe4+ 36. dxe4 Rxg7 37. Qxg7# 1-0

[Event "*** Titled Tuesday Blitz"]
[Site "Chess.com"]
[Date "2020.12.29"]
[Round "7"]
[White "maximnovik"]
[Black "Khusenkhojaev"]
[Result "1-0"]
[WhiteElo "2605"]
[BlackElo "2430"]
[TimeControl "180+1"]
[EndTime "11:17:09 PST"]
[Termination "maximnovik won by checkmate"]

1. d4 Nf6 2. Bg5 Ne4 3. Bh4 d5 4. f3 Nd6 5. Nc3 Nf5 6. Bf2 c5 7. dxc5 d4 8. e4 dxe3 9. Qxd8+ Kxd8 10. O-O-O+ Nd7 11. Be1 e6 12. g4 Nh6 13. Ne4 f5 14.
Bh4+ Kc7 15. Nd6 Kc6 16. b4 a5 17. Bb5+ Kc7 18. Ne8+ Kb8 19. Bxd7 axb4 20. Bg3+ Ka7 21. Nc7 Bxc5 22. Nxa8 Kxa8 23. gxf5 Nxf5 24. Ne2 g5 25. Be5 Rd8 26. Bxc8 Rxc8 27. Kb2 h6 28. Rd7 Nh4 29. f4 Nf3 30. Rhd1 Bb6 31. R1d6 Nxe5 32. Rxb6 Nc4+ 33. Kb3 Nxb6 34. Rd6 Nd5 35. fxg5 hxg5 36. Rxe6 Rf8 37. Re5 Rf2 38. Nd4 Nf4 39. Nb5 Rxh2 40. Re8# 1-0

[Event "*** Titled Tuesday Blitz"]
[Site "Chess.com"]
[Date "2020.12.29"]
[Round "7"]
[White "penguingm1"]
[Black "XDPS"]
[Result "1-0"]
[WhiteElo "2935"]
[BlackElo "2723"]
[TimeControl "180+1"]
[EndTime "11:17:10 PST"]
[Termination "penguingm1 won on time"]

1. Nh3 d5 2. g3 e5 3. d4 exd4 4.
Qxd4 c5 5. Qd1 Nc6 6. Bg2 Nf6 7. Bg5 Be7 8. Nf4 d4 9. Nd2 O-O 10. O-O h6 11. Bxf6 Bxf6 12. Ne4 Be7 13. Nd5 Be6 14.
c4 Re8 15. Qb3 Rb8 16. Rfd1 Bf8 17. Rac1 Kh8 18. Qa3 b6 19. Nf4 Bd7 20. e3 Qc8 21. exd4 cxd4 22. Nd6 Qc7 23. Nxf7+ Kg8 24. Qd3 Kxf7 25.
Qh7 Re5 26. Re1 Qd6 27. Bd5+ Ke8 28. Qg8 Kd8 29. Qf7 Kc7 30. Bxc6 Rxe1+ 31. Rxe1 Kxc6 32. Nd5 Re8 33. Rd1 Re2 34. Qf3 Qe5 35. Nf4+ Qe4 36. Qxe2 Qxe2 37. Nxe2 1-0

[Event "*** Titled Tuesday Blitz"]
[Site "Chess.com"]
[Date "2020.12.29"]
[Round "7"]
[White "anon102030"]
[Black "Son_of_Sultan"]
[Result "0-1"]
[WhiteElo "2689"]
[BlackElo "2560"]
[TimeControl "180+1"]
[EndTime "11:17:10 PST"]
[Termination "Son_of_Sultan won on time"]

1. e4 c5 2. Nc3 Nc6 3. g3 g6 4. Bg2 Bg7 5. d3 d6 6. Be3 Nf6 7. h3 O-O 8. Nf3 Rb8 9. d4 cxd4 10.
Nxd4 a6 11. O-O Bd7 12. Qd2 Nxd4 13. Bxd4 Bc6 14. Rfe1 Nd7 15. Nd5 Bxd4 16. Qxd4 b5 17. f4 Re8 18. Rad1 Bxd5 19. exd5 Qb6 20. Re2 Kf8 21.
Kf2 Qxd4+ 22. Rxd4 Nb6 23. h4 Rec8 24. c3 Rc4 25. Rd3 Rbc8 26. Ke1 b4 27. cxb4 Rxb4 28.
b3 a5 29. a3 Rb5 30. Red2 Rc1+ 31. Kf2 Rb1 32. Rc3 R1xb3 33. Rdc2 Rxc3 34. Rxc3 a4 35. Rd3 Rb3 36. Rd4 Rxa3 37. Bf1 Rb3 38. Rd1 a3 39.
Ra1 Rb2+ 40. Ke3 a2 41. Kd4 Rf2 0-1

[Event "*** Titled Tuesday Blitz"]
[Site "Chess.com"]
[Date "2020.12.29"]
[Round "7"]
[White "Mikasinski"]
[Black "kuban1991"]
[Result "0-1"]
[WhiteElo "2521"]
[BlackElo "2751"]
[TimeControl "180+1"]
[EndTime "11:17:10 PST"]
[Termination "kuban1991 won by checkmate"]

1. e4 e6 2. d4 d5 3. Nc3 Bb4 4.
e5 c5 5. a3 Bxc3+ 6. bxc3 Nc6 7.
h4 Bd7 8. h5 Qa5 9. Bd2 O-O-O 10. h6 gxh6 11. Nf3 c4 12. g3 f5 13. exf6 Nxf6 14.
Qe2 Ne4 15. Qe3 Rdf8 16. Bg2 Rf7 17. Ne5 Nxe5 18. dxe5 Nxf2 19. Rf1 Rhf8 20. Qd4 Ne4 21. Rxf7 Rxf7 22. Bxe4 dxe4 23. Qxc4+ Kb8 24. Qxe4 Bc6 25. Qd4 Rd7 26. Qf4 Qd5 27. O-O-O Qa2 28. Qf8+ Kc7 29. Qb4 Qa1+ 30. Qb1 Qxa3+ 31. Qb2 Qxb2+ 32. Kxb2 Bf3 33. Rf1 Be2 34. Rf6 Rxd2 35. Rxh6 Bd3 36. Rxe6 Rxc2+ 37. Kb3 b5 38. Re7+ Kb6 39. g4 Re2 40. g5 Bc4+ 41.
Kb4 a5+ 42. Ka3 Ra2# 0-1

[Event "*** Titled Tuesday Blitz"]
[Site "Chess.com"]
[Date "2020.12.29"]
[Round "7"]
[White "PawnEatingZombie"]
[Black "The_Machine04"]
[Result "0-1"]
[WhiteElo "2248"]
[BlackElo "2422"]
[TimeControl "180+1"]
[EndTime "11:17:10 PST"]
[Termination "The_Machine04 won by resignation"]

1. d4 d6 2. e4 Nf6 3. Nc3 e5 4. Nf3 Nbd7 5. Bc4 Be7 6. O-O c6 7.
a4 Qc7 8. b3 h6 9. Bb2 Nf8 10.
Bd3 Ng6 11. Ne2 Bg4 12. Ng3 O-O 13. h3 Bd7 14. Nf5 Rae8 15. dxe5 dxe5 16. Nxe7+ Rxe7 17. Ba3 c5 18. Re1 Rd8 19. Qc1 b6 20. Qe3 Be6 21. Bb2 Nd7 22. Rad1 f6 23. Kh2 Ndf8 24. g3 Red7 25. Qe2 Bf7 26. c3 Ne7 27. Bc4 Rxd1 28. Bxf7+ Kxf7 29. Rxd1 Rxd1 30. Qxd1 Qd7 31. Qxd7 Nxd7 32.
Nd2 Ke6 33. Kg2 Nc8 34. Kf3 Nd6 35. Ke3 c4 36. b4 a6 37. Nb1 b5 38. a5 g6 39. g4 f5 40. gxf5+ gxf5 41. exf5+ Nxf5+ 42. Kf3 Nf6 43. Nd2 Nd6 44. Bc1 Kf5 45. Nf1 h5 46. Ng3+ Kg6 47. h4 Nf5 48. Bg5 Nxg3 49. fxg3 Nd5 50.
Bd2 Kf5 51. Be1 e4+ 52. Ke2 Kg4 53. Bf2 Nxc3+ 54. Ke3 Nd1+ 0-1

[Event "*** Titled Tuesday Blitz"]
[Site "Chess.com"]
[Date "2020.12.29"]
[Round "7"]
[White "kobemagic"]
[Black "AliKa2810"]
[Result "0-1"]
[WhiteElo "2428"]
[BlackElo "2601"]
[TimeControl "180+1"]
[EndTime "11:17:11 PST"]
[Termination "AliKa2810 won by resignation"]

1. c4 e5 2. g3 c6 3. d4 e4 4. Bg2 d5 5. Nc3 Nf6 6. Bg5 Bb4 7. cxd5 cxd5 8. f3 O-O 9. Nh3 Nbd7 10. O-O h6 11. Nxd5 hxg5 12. Nxb4 Qb6 13. Nc2 exf3 14. exf3 Qxb2 15. Nxg5 Nb6 16. Qd3 Nbd5 17. Rfb1 Qc3 18.
Qxc3 Nxc3 19. Rb3 Nfd5 20. Ne4 Na4 21. Nd6 Be6 22. Rxb7 Rfd8 23. Ne4 Rac8 24. Nb4 Ne3 25. Ng5 Bf5 26. d5 Nxd5 27. Nxd5 Rxd5 28. f4 Rd2 29.
Rxa7 Nc3 30. Nxf7 Ne2+ 31. Kh1 Nc1 32. Ng5 Rd1+ 33. Bf1 Rxf1+ 34. Kg2 Rd1 35. g4 Rc2+ 36. Kg3 Rd3+ 37. Nf3 Ne2+ 38. Kh4 Rxf3 39. gxf5 Rxf4+ 40.
Kg5 Rc5 0-1

[Event "*** Titled Tuesday Blitz"]
[Site "Chess.com"]
[Date "2020.12.29"]
[Round "7"]
[White "ferdipy"]
[Black "Region_07"]
[Result "0-1"]
[WhiteElo "2185"]
[BlackElo "2474"]
[TimeControl "180+1"]
[EndTime "11:17:11 PST"]
[Termination "Region_07 won by resignation"]

1. d4 d5 2. Nf3 Nc6 3. Bg5 Bg4 4.
Nbd2 Nf6 5. e3 h6 6. Bf4 e6 7. Bd3 Bd6 8. Bg3 O-O 9. O-O Qe7 10. c4 Bxg3 11. hxg3 Rad8 12. a3 e5 13. dxe5 Nxe5 14. Be2 Nxc4 15. Nxc4 dxc4 16. Qa4 a6 17. Qxc4 c5 18.
Rac1 Ne4 19. Rfd1 b5 20. Qc2 c4 21. Nd4 Bxe2 22. Qxe2 Nc5 23. Kh2 Nd3 24. Nc6 Qf6 25. Nxd8 Nxc1 26. Rxc1 Rxd8 27. e4 Rd3 28. f3 Qd4 29. Rc2 Rd1 30. Qf2 Qd3 31. Re2 Qb1 32. g4 Qc1 33. f4 Rf1 34. Qe3 Qxe3 35. Rxe3 Rxf4 36. Kg3 g5 37. e5 Kf8 38. e6 Ke7 39. exf7+ Kxf7 40. Re5 Rd4 41. Rc5 Rd3+ 42. Kh2 Rb3 43.
Rc7+ Kf6 44. Rc6+ Ke5 45. Rxa6 Rxb2 46. Rxh6 c3 47. Rc6 c2 48. Kg3 Kd4 49. Kf3 Rb3+ 50.
Ke2 Rc3 51. Rd6+ Kc5 0-1

[Event "*** Titled Tuesday Blitz"]
[Site "Chess.com"]
[Date "2020.12.29"]
[Round "7"]
[White "geordie_derraugh"]
[Black "Pedrada88"]
[Result "1/2-1/2"]
[WhiteElo "2520"]
[BlackElo "2374"]
[TimeControl "180+1"]
[EndTime "11:17:12 PST"]
[Termination "Game drawn by repetition"]

1. e4 c5 2. Nf3 Nc6 3. Bb5 Qb6 4.
Nc3 e6 5. O-O Nge7 6. Re1 a6 7.
Bf1 Ng6 8. d3 Be7 9. Rb1 O-O 10.
Be3 d6 11. d4 cxd4 12. Nxd4 Qc7 13. Qh5 Bd7 14. Rbd1 Nce5 15. f4 Nc4 16. Bc1 Bf6 17. Kh1 Rac8 18. Rd3 h6 19. f5 Nge5 20. Rg3 Kh7 21.
Rh3 Rh8 22. Bxh6 Kg8 23. Rg3 Kf8 24. Bxg7+ Bxg7 25. Qg5 Rh7 26. f6 Ng6 27. fxg7+ Kxg7 28. Bd3 Nxb2 29. Nce2 Nxd3 30. cxd3 Rch8 31. h3 Qc5 32. Qxc5 dxc5 33. Nb3 b6 34. Rf1 a5 35. e5 a4 36.
Nd2 Kf8 37. Nc4 b5 38. Rxg6 bxc4 39. dxc4 Bc6 40. Kg1 Ke7 41. Rgf6 Rg7 42. Nf4 Rxh3 43.
Nxh3 Rxg2+ 44. Kh1 Rg3+ 45. Kh2 Rg2+ 46. Kh1 Rg3+ 47.
Kh2 Rg2+ 48. Kh1 1/2-1/2

[Event "*** Titled Tuesday Blitz"]
[Site "Chess.com"]
[Date "2020.12.29"]
[Round "7"]
[White "IljaJoke"]
[Black "FlySooHigh"]
[Result "0-1"]
[WhiteElo "2466"]
[BlackElo "2659"]
[TimeControl "180+1"]
[EndTime "11:17:13 PST"]
[Termination "FlySooHigh won by resignation"]

1. d4 Nf6 2. c4 c5 3. d5 b5 4.
cxb5 a6 5. bxa6 g6 6. Nc3 Bxa6 7.
e4 Bxf1 8. Kxf1 d6 9. g3 Bg7 10. Kg2 O-O 11. Nf3 Nbd7 12. a4 Ra6 13. Qc2 Qa8 14. Ra3 Rc8 15. Re1 Ng4 16. h3 Nge5 17.
Nxe5 Nxe5 18. b3 c4 19. Be3 cxb3 20. Qxb3 Nd3 21. Qd1 Bxc3 22. Re2 Ne5 23. Rc2 Ba5 24. f4 Nc4 25. Rd3 Nxe3+ 26. Rxe3 Bb6 27. Rb3 Rxc2+ 28.
Qxc2 f6 29. h4 Bc5 30. h5 Rxa4 31. hxg6 hxg6 32. Kf3 Ra3 33. Kg4 Rxb3 34. Qxb3 Kf7 35. f5 Qg8 36. Kf3 Qh7 37. Qb7 gxf5 38. exf5 Qxf5+ 39. Kg2 Qe4+ 40. Kh3 Qe2 41. Qd7 Qh5+ 42. Kg2 Qxd5+ 43. Kh3 Qe6+ 44. Kh4 Qxd7 0-1